 Dungeon Crawl Stone Soup version 0.30.1-4-g462c640d31 (webtiles) character file.

Game seed: 11376842584216317152

578 wingedge the Poker (level 6, -2/118 HPs)
             Began as a Demigod Wanderer on Aug 29, 2023.
             Slain by a gnoll
             ... wielding a +0 whip
              (4 damage)
             ... on level 4 of the Dungeon.
             The game lasted 00:14:12 (4030 turns).

wingedge the Poker (Demigod Wanderer)               Turns: 4030, Time: 00:14:12

Health: -2/118     AC: 23    Str: 23    XL:     6   Next: 89%
Magic:  8/8        EV:  2    Int: 10    God:
Gold:   156        SH:  0    Dex: 15    Spells: 5/5 levels left

rFire   + + .        a - +0 trident
rCold   . . .        (no shield)
rNeg    . . .        y - melded +0 ring mail
rPois   +            p - melded -2 hat of the Alchemist {rElec rPois rF+ rC+ rN+ Will+ rMut rCorr}
rElec   .            (cloak currently unavailable)
rCorr   .            x - melded +1 pair of gloves
SInv    .            (boots currently unavailable)
Will    .....        (no amulet) Stlth
                     f - ring of protection from fire
HPRegen 0.39/turn    B - ring of protection from fire
MPRegen 0.11/turn

%: no passive effects
@: berserking (expiring), tree-form, very quick
A: stationary, stasis, torment immunity, boosted hp, high MP 1, forlorn, divine
attributes
a: no special abilities


You were on level 4 of the Dungeon.
You were a tree.
You visited 2 branches of the dungeon, and saw 5 of its levels.

You collected 156 gold pieces.

Inventory:

Hand Weapons
 a - a +0 trident (weapon)
 b - a +0 sling
 h - a +2 whip of holy wrath
Armour
 e - a +0 leather armour
 j - a +0 robe
 p - the -2 hat of the Alchemist (melded) {rElec rPois rF+ rC+ rN+ Will+ rMut rCorr}
   (You found it on level 2 of the Dungeon)

   rF:        It protects you from fire.
   rC:        It protects you from cold.
   rElec:     It insulates you from electricity.
   rPois:     It protects you from poison.
   rN:        It protects you from negative energy.
   rCorr:     It protects you from acid and corrosion.
   rMut:      It protects you from mutation.
   Will:      It increases your willpower.
 x - a +1 pair of gloves (melded)
 y - a +0 ring mail (melded)
Magical Staves
 o - a staff of death
Jewellery
 f - a ring of protection from fire (left branch)
 t - a ring of ice
 v - a ring of poison resistance
 B - a ring of protection from fire (right branch)
Wands
 r - a wand of roots (9)
 A - a wand of flame (25)
Scrolls
 n - 5 scrolls of teleportation
 q - a scroll of silence {unknown}
 C - a scroll of vulnerability {unknown}
 D - a scroll of noise {unknown}
Potions
 d - a potion of attraction
 g - a potion of lignification
 m - 2 potions of brilliance
 s - a potion of flight
 u - a potion of heal wounds {unknown}
 w - a potion of haste {unknown}
 z - a potion of mutation {unknown}


   Skills:
 + Level 4.5 Fighting
 - Level 6.0 Polearms
 - Level 1.0 Ranged Weapons
 + Level 2.2 Armour
 - Level 1.0 Stealth
 - Level 3.0 Evocations


You had 5 spell levels left.
You didn't know any spells.
Your spell library was empty.

Dungeon Overview and Level Annotations

Branches:
Dungeon (4/15)             Temple (1/1) D:4

Annotations:
D:2 Terence


Innate Abilities, Weirdness & Mutations

You are a tree.
Your roots penetrate the ground, keeping you stationary.
You cannot be teleported.
You are immune to unholy pain and torment.
Your maximum health is greatly increased.
Your equipment is partially melded.
You have an increased reservoir of magic. (+10% MP)
You shall have no god before yourself.
Your divine heritage dramatically boosts your attributes as you level up.


Message History

You feel better. The gnoll hits you with a +0 flail.
* * * LOW HITPOINT WARNING * * *
You hit the gnoll but do no damage.
The gnoll is lightly wounded.
The gnoll hits you but does no damage. x3
You hit the gnoll.
The gnoll is moderately wounded.
The gnoll hits you with a +0 flail.
* * * LOW HITPOINT WARNING * * *
The gnoll hits you but does no damage. The gnoll hits you with a +3 flail.
* * * LOW HITPOINT WARNING * * *
You hit the gnoll but do no damage.
The gnoll is moderately wounded.
The gnoll hits you with a +0 flail.
* * * LOW HITPOINT WARNING * * *
The gnoll hits you with a +0 whip!
* * * LOW HITPOINT WARNING * * *
The gnoll hits you but does no damage.
You feel better.
The gnoll hits you but does no damage. x2
The gnoll barely misses you.
It was a potion of berserk rage.
A red film seems to cover your vision as you go berserk!
You feel yourself moving faster!
You feel mighty!
You are no longer corroded.
The gnoll hits you but does no damage. x3; The gnoll hits you with a +3 flail!
* * * LOW HITPOINT WARNING * * *
You hit the gnoll.
The gnoll is severely wounded.
The gnoll hits you but does no damage. The gnoll hits you with a +0 flail!
* * * LOW HITPOINT WARNING * * *
The gnoll hits you but does no damage. x2
You puncture the gnoll!
You kill the gnoll!
The gnoll completely misses you. The gnoll hits you with a +0 whip.
* * * LOW HITPOINT WARNING * * *
The gnoll hits you but does no damage.
You closely miss the gnoll. You barely miss the gnoll.
The gnoll barely misses you. The gnoll hits you with a +0 whip.
You die...

......#.#.#.#.#.#.#
####.$.#.#.#.#.#.#.#.
####.......#.#[#.#.#.#.#
............#.#.#.#.#.#.
...........#.#.#.#.#.#.#
............#.#.#.#.#.#.
...).......#.#.#.#.#.#.#
......ggg.÷.#.#.#.#.#.#.
....).)♣..)#.#.#.#.#.#.#
............#.#.#.#.#.#[
####.#..#.##.#.#.#.#.#.#
#.#....#.#.#.#.#.#.#. #
#....##.#.#.#.#.#..
....#############..
##...# #.. .<..# #.. #..


You could see 3 gnolls.

Vanquished Creatures
  A scorpion (D:3)
  A jelly (D:4)
  An orc priest (D:4)
  3 hounds (D:4)
  2 iguanas
  Jessica (D:2)
  4 orc wizards (D:4)
  Robin (D:2)
  2 gnolls
  8 adders
  13 orcs
  5 ball pythons
  7 giant cockroaches
  12 goblins
  5 hobgoblins
  4 jackals (D:1)
  2 quokkas (D:2)
  3 bats
  3 frilled lizards
  7 kobolds
  A rat (D:1)
86 creatures vanquished.

Notes
Turn   | Place    | Note
-------+----------+-------------------------------------------
     0 | D:1      | wingedge the Demigod Wanderer began the quest for the Orb.
     0 | D:1      | wingedge set off with the following items: a +0 trident, a
                  | +0 sling, a wand of flame (6), a potion of attraction, a +0
                  | leather armour.
     0 | D:1      | Reached XP level 1. HP: 14/14 MP: 3/3
    98 | D:1      | Reached skill level 1 in Fighting
   183 | D:1      | Reached XP level 2. HP: 20/24 MP: 4/4
   915 | D:2      | Reached XP level 3. HP: 28/30 MP: 5/5
  1002 | D:2      | Found the -2 hat of the Alchemist {rElec rPois rF+ rC+ rN+
                  | Will+ rMut rCorr}
  1003 | D:2      | Noticed Terence
  1269 | D:2      | Noticed Robin
  1271 | D:2      | Killed Robin
  1320 | D:2      | Noticed Jessica
  1469 | D:2      | Killed Jessica
  1470 | D:2      | Reached XP level 4. HP: 38/38 MP: 6/6
  2112 | D:3      | Reached skill level 5 in Polearms
  2112 | D:3      | Reached XP level 5. HP: 22/46 MP: 7/7
  3129 | D:4      | Reached XP level 6. HP: 47/52 MP: 8/8
  3570 | D:4      | Found a staircase to the Ecumenical Temple.
  3582 | Temple   | Entered the Ecumenical Temple
  4014 | D:4      | Reached skill level 6 in Polearms
  4027 | D:4      | HP: 3/118 [gnoll/+0 flail (9)]
  4030 | D:4      | Slain by a gnoll

Illustrated notes

Levels and vault maps discovered:
D:1:      dpeg_arrival_radiant, layout_loops_ring,
          shapermc_ecumenical_altar_notcrosses, serial_bayou,
          serial_bayou_pond_e, serial_bayou_lagoon_b, serial_bayou_pond_d,
          serial_bayou_ford_a
D:2:      layout_loops_corners, kennysheep_jessica_study, uniq_terence,
          uniq_robin
D:3:      layout_loops_ring, cheibrodos_ashenzari_chains,
          trog_three_pillars_becter, mainiacjoe_overflow_swirl
D:4:      layout_basic, minmay_temple_entry_drinking_statues, minmay_bent,
          uniq_sigmund
Temple:   grunt_temple_mini_profane

Skill      XL: |  1  2  3  4  5  6 |
---------------+-------------------+-----
Fighting       | 2 3 4 |  4.5
Evocations     | 2 3 |  3.0
Polearms       | 5 6 |  6.0
Armour         | 2 |  2.2
Ranged Weapons | |  1.0
Stealth        | |  1.0

Action                     |  1- 3 |  4- 6 || total
---------------------------+-------+-------++-------
  Melee: Trident           |   123 |   241 ||   364
         Punch             |     1 |     1 ||     2
  Evoke: Wand              |     5 |     1 ||     6
    Use: Scroll            |       |     9 ||     9
         Potion            |       |     4 ||     4
   Stab: Sleeping          |       |     2 ||     2
 Armour: Leather armour    |    26 |       ||    26
         Ring mail         |       |    64 ||    64
         Skin              |       |    17 ||    17
  Dodge: Dodged            |    60 |   100 ||   160
